 Dungeon Crawl Stone Soup version 0.29.0-11-gd7f09526c8 (webtiles) character file.

Game seed: 13801723326882867280

20 blackman the Sneak (level 2, -7/24 HPs)
             Began as a Demonspawn Delver on Sept 3, 2022.
             Was an Initiate of Qazlal.
             Mangled by a gnoll
             ... wielding a +1 spear of distortion
              (18 damage)
             ... on level 2 of the Dungeon.
             The game lasted 00:04:21 (1929 turns).

blackman the Sneak (Demonspawn Delver)              Turns: 1929, Time: 00:04:22

Health: -7/24      AC:  5    Str: 12      XL:     2   Next: 58%
Magic:  4/4        EV: 11    Int: 11      God:    Qazlal [......]
Gold:   42         SH:  0    Dex: 13 (14) Spells: 1/1 levels left

rFire   . . .      SeeInvis .   m - +0 great mace
rCold   . . .      Faith    .   (shield currently unavailable)
rNeg    . . .      Spirit   .   b - +0 leather armour
rPois   .          Reflect  .   (no helmet)
rElec   .          Harm     .   n - +1 cloak
rCorr   .          Rampage  .   (no gloves)
Will    .....                   (no boots)
Stlth   ++........              (no amulet)
HPRegen 0.08/turn               (no ring)
MPRegen 0.09/turn               (no ring)

@: brilliant
A: weakness stinger 1
a: Renounce Religion


You were on level 2 of the Dungeon.
You worshipped Qazlal.
Qazlal was noncommittal.
You visited 1 branch of the dungeon, and saw 4 of its levels.

You collected 42 gold pieces.

Inventory:

Hand Weapons
 a - a +0 short sword
 i - a +0 whip
 m - a +0 great mace (weapon)
Armour
 b - a +0 leather armour (worn)
 n - a +1 cloak (worn)
Wands
 g - a wand of digging (1)
Scrolls
 c - a scroll of fog
 d - 2 scrolls of magic mapping
 f - a scroll of silence
 j - a scroll of identify
Potions
 h - a potion of cancellation {unknown}
 l - a potion of invisibility {unknown}
 o - a potion of brilliance
 p - a potion of attraction {unknown}
 q - 2 potions of curing


   Skills:
 - Level 3.0 Fighting
 - Level 1.7 Short Blades
 - Level 1.7 Dodging
 - Level 4.5 Stealth
 * Level 3.2 Invocations


You had one spell level left.
You didn't know any spells.
Your spell library was empty.

Dungeon Overview and Level Annotations

Branches:
Dungeon (5/15)
 Temple: D:4-7

Altars:
Qazlal
Ru


Innate Abilities, Weirdness & Mutations

You have a small tail.


Message History

You now have 42 gold pieces (gained 18).
Key pressed, stopping explore.
You see here a +0 trident.
A dart slug is nearby!
The dart slug launches a dart at you.
The slug dart hits you but does no damage. 3 gnolls come into view.
The dart slug launches a dart at you. The slug dart misses you.
Aiming: Dig
Press: ? - help, Shift-Dir - straight line A rock wall.
The rock shatters into small pieces.
Found a scroll labelled PUHY OKKUKEU.
The gnoll shouts!
You hear a shout!
A worm comes into view.
The gnoll hits you from afar with a +0 spear!
You see here a scroll labelled PUHY OKKUKEU.
j - 2 scrolls labelled PUHY OKKUKEU (gained 1)
The gnoll closely misses you. The gnoll hits you with a +0 spear.
You closely miss the gnoll. The gnoll hits you with a +0 spear.
As you read the scroll of fear, it crumbles to dust.
You assume a fearsome visage.
The gnoll looks frightened! x3
The gnoll shouts!
The worm looks frightened!
As you read the scroll labelled PUHY OKKUKEU, it crumbles to dust.
It is a scroll of identify.
f - a scroll of silence The gnoll shouts!
As you read the scroll labelled VEKLIU QAFIT, it crumbles to dust.
The creatures around you are filled with an inner flame!
It was a scroll of immolation.
It was a potion of curing.
You feel better.
It was a potion of brilliance.
You feel clever all of a sudden.
The gnoll hits you from afar with a +1 spear of distortion.
Space warps horribly around you!!
Ouch! That really hurt!
You die...

...### ..)..# .###.####
.# #....# .###.##.#
.....##.############
##.####............####
#.# #####>.##...##.>#
#.# #...#.@.#...# #.#
##..#...#+.## #.#
#####..g..### #.#
##........... #.#
#.......⌠.....
#w######....w.........#
#.....wg..###g....#####
###########w.#g..#+
..#...


You could see a worm (fleeing) and 3 gnolls.

Vanquished Creatures
  A dart slug (D:2)
  3 endoplasms
  A goblin (D:3)
  2 hobgoblins (D:3)
  3 quokkas
  A ball python (D:3)
  3 bats (D:3)
  2 kobolds (D:3)
16 creatures vanquished.

Vanquished Creatures (others)
  A demonic plant (D:5)
1 creature vanquished.

Grand Total: 17 creatures vanquished

Notes
Turn   | Place    | Note
-------+----------+-------------------------------------------
     0 | D:5      | blackman the Demonspawn Delver began the quest for the Orb.
     0 | D:5      | Reached XP level 1. HP: 18/18 MP: 1/1
     6 | D:5      | Noticed a necrophage
     7 | D:5      | Noticed an orc wizard
    17 | D:5      | Noticed a quasit
    50 | D:5      | Noticed an iguana
   681 | D:4      | Found a stormy altar of Qazlal.
   691 | D:4      | Became a worshipper of Qazlal Stormbringer
   829 | D:3      | Reached skill level 1 in Invocations
   831 | D:3      | Found a sacrificial altar of Ru.
  1017 | D:3      | Found a faded altar of an unknown god.
  1065 | D:3      | Gained mutation: You have a small tail. [demonic ancestry]
  1065 | D:3      | Reached XP level 2. HP: 17/24 MP: 3/3
  1929 | D:2      | Mangled by a gnoll

Illustrated notes

Levels and vault maps discovered:
D:2:      layout_loops_ring, grunt_ministairs_6
D:3:      layout_basic, nicolae_overflow_crystal_walls, basic_ecumenical_altar,
          minmay_misc_feat_columns
D:4:      layout_gridville, grunt_qazlal_sundering
D:5:      layout_loops_cross, kennysheep_little_box, serial_demonic,
          serial_demonic_a, serial_demonic_d, serial_demonic_a,
          serial_demonic_d, serial_demonic_f, serial_demonic_a,
          uniq_prince_ribbit1, uniq_sigmund

Skill      XL: |  1  2 |
---------------+-------+-----
Invocations    | 2 3 |  3.2
Fighting       | |  3.0
Short Blades   | |  1.7
Dodging        | |  1.7
Stealth        | |  4.5

Action                   || total
-------------------------++-------
Melee: Short sword       ||    18
       Whip              ||    14
       Great mace        ||    12
       Tailslap          ||     3
Evoke: Wand              ||     2
  Use: Potion            ||     3
       Scroll            ||     3
 Stab: Sleeping          ||     5
Armor: Leather armour    ||    19
Dodge: Dodged            ||    32
